 Dungeon Crawl Stone Soup version bcrawl-1.12-10-g10a67aac0f (webtiles) character file.

Game seed: 6558890023664291603

55 Banto the Magician (level 3, -4/29 HPs)
             Began as an Oni Fire Elementalist on June 19, 2019.
             Killed from afar by an orc wizard (7 damage)
             ... with a magic dart
             ... on level 2 of the Dungeon.
             The game lasted 00:01:37 (1252 turns).

Banto the Magician (Oni Fire Elementalist)          Turns: 1252, Time: 00:01:38

Health: -4/29      AC:  2    Str: 11    XL:     3   Next: 93%
Magic:  4/8        EV: 12    Int: 17    God:
Gold:   58         SH:  0    Dex: 11    Spells: 4/6 levels left

rFire    . . .     SeeInvis .   d - +4 mace
rCold    . . .     Gourm    .   (no shield)
rNeg     . . .     Faith    .   a - +0 animal skin
rPois    .         Spirit   .   (helmet restricted)
rElec    .         Reflect  .   (no cloak)
rCorr    .         Harm     .   (no gloves)
MR       .....                  (no boots)
Stlth    ++........             (no amulet)
HPRegen  0.09/turn              (no ring)
MPRegen  0.11/turn              (no ring)

@: no status effects
A: oni magic, claws 1, fangs 1, horns 1
a: no special abilities


You were on level 2 of the Dungeon.
You were not hungry.

You visited 1 branch of the dungeon, and saw 2 of its levels.

You collected 58 gold pieces.

Inventory:

Hand Weapons
 d - a +4 mace (weapon)
Armour
 a - a +0 animal skin (worn)
Potions
 b - a potion of might {unknown}
 e - a potion of invisibility {unknown}
 f - a potion of degeneration {unknown}
Comestibles
 c - 5 rations {!d}


   Skills:
 + Level 1.7 Fighting
 - Level 1.7 Dodging
 - Level 1.7 Stealth
 * Level 2.4 Spellcasting


You had 4 spell levels left.
You knew the following spells:

 Your Spells              Type           Power        Failure   Level  Hunger
a - Flame Tongue          Conj/Fire      ##...        7%          1    #......
b - Summon Butterflies    Summ           ##......     6%          1    #......

Your spell library contained the following spells:

 Spells                   Type           Power        Failure   Level  Hunger
 Conjure Flame            Conj/Fire      ##......     21%         3    ###....
 Inner Flame              Hex/Fire       N/A          21%         3    ###....
 Sticky Flame             Conj/Fire      ##......     54%         4    #####..
 Fireball                 Conj/Fire      ##........   88%         5    ######.


Dungeon Overview and Level Annotations

Branches:
Dungeon (2/12)

Altars:


Innate Abilities, Weirdness & Mutations

You learn spells by gaining experience, not through books or religion.
You only train spellcasting to practice magic.
You have sharp fingernails.
You have very sharp teeth.
You have a pair of small horns on your head.


Message History

The magic dart hits you!
Casting: Flame Tongue (safe; 7% risk of failure)
Confirm with . or Enter, or press ? or * to list all spells.
Aiming: Flame Tongue (safe; 7% risk of failure)
Press: ? - help, Shift-Dir - straight line, f/p - orc wizard
Aim: an orc wizard, wielding a +0 dagger and wearing a +0 robe (lightly wounded, fast)
The flame tongue misses the orc wizard.
The orc wizard casts a spell at you. The magic dart hits you!
* * * LOW HITPOINT WARNING * * *
Casting: Flame Tongue (safe; 7% risk of failure)
Confirm with . or Enter, or press ? or * to list all spells.
Aiming: Flame Tongue (safe; 7% risk of failure)
Press: ? - help, Shift-Dir - straight line, f/p - orc wizard
Aim: an orc wizard, wielding a +0 dagger and wearing a +0 robe (lightly wounded, fast)
The flame tongue hits the orc wizard.
The orc wizard is heavily wounded.
The orc wizard gestures at you while chanting.
The magic dart hits you!
You die...

# #..###..#.#.#..#..
#.......#.#.#..#..
#..####.#.#.#..#..
#...<.............
#......##.#.#.....
#......##.#.#.....
#......##.#.#.....
#......+..........
#@#....##.........
#....................
##o#.########.####...
...... .........# ...
#.# ##.##.#... ..###
#.# #..).. . ...
.....#.## #.#
#.####.# # ###.##


You could see an orc wizard.

Vanquished Creatures
  An ooze (D:2)
  A worm (D:2)
  3 dart slugs (D:1)
  A leopard gecko (D:1)
  3 orcs (D:2)
  2 giant cockroaches
  4 goblins
  4 hobgoblins (D:1)
  4 jackals (D:2)
  A quokka (D:2)
  5 bats
  4 frilled lizards
  2 kobolds (D:1)
35 creatures vanquished.

Notes
Turn   | Place    | Note
-------+----------+-------------------------------------------
     0 | D:1      | Banto the Oni Fire Elementalist began the quest for the
                  | Orb.
     0 | D:1      | Reached XP level 1. HP: 14/14 MP: 4/4
   119 | D:1      | Reached XP level 2. HP: 20/22 MP: 2/6
   149 | D:1      | Learned a level 1 spell: Summon Butterflies
   224 | D:1      | Reached skill level 1 in Fighting
   228 | D:1      | Reached skill level 2 in Spellcasting
   613 | D:1      | Reached XP level 3. HP: 23/28 MP: 8/8
  1252 | D:2      | Killed from afar by an orc wizard

Skill      XL: |  1  2 |
---------------+-------+-----
Fighting       | 1 |  1.7
Spellcasting   | 2 |  2.4
Dodging        | |  1.7
Stealth        | |  1.7

Action                   || total
-------------------------++-------
Melee: Unarmed           ||    56
       Bite              ||     4
       Headbutt          ||     7
       Mace              ||    16
 Cast: Flame Tongue      ||    34
  Use: Scroll            ||     1
 Stab: Sleeping          ||     1
  Eat: Chunk             ||     2
Armor: Animal skin       ||    23
Dodge: Dodged            ||    57
